 Dungeon Crawl Stone Soup version 0.30.0-15-g856e2d3f33 (webtiles) character file.

Game seed: 15147160884843592564

99 gelatine the Shooter (level 4, -6/34 HPs)
             Began as a Demonspawn Hunter on May 20, 2023.
             Mangled by an iguana (12 damage)
             ... on level 3 of the Dungeon.
             The game lasted 00:06:36 (1560 turns).

gelatine the Shooter (Demonspawn Hunter)            Turns: 1560, Time: 00:06:36

Health: -6/34      AC:  6    Str: 11    XL:     4   Next: 45%
Magic:  4/4        EV: 12    Int: 13    God:
Gold:   130        SH:  0    Dex: 18    Spells: 3/3 levels left

rFire   . . .        a - +0 shortbow
rCold   . . .        (shield currently unavailable)
rNeg    . . .        c - +0 leather armour
rPois   .            e - +3 crown of Dyrovepreva {rElec Int+2 SInv}
rElec   +            (no cloak)
rCorr   .            (no gloves)
SInv    +            (no boots)
Will    .....        (no amulet)
Stlth   ++           (no ring)
HPRegen 0.25/turn    (no ring)
MPRegen 0.09/turn

%: no passive effects
@: no status effects
A: antennae 1, demonic magic 1
a: no special abilities


You were on level 3 of the Dungeon.
You visited 1 branch of the dungeon, and saw 3 of its levels.

You collected 130 gold pieces.

Inventory:

Hand Weapons
 a - a +0 shortbow (weapon)
Armour
 c - a +0 leather armour (worn)
 e - the +3 crown of Dyrovepreva (worn) {rElec Int+2 SInv}
   (You found it on level 2 of the Dungeon)

   Int:       It affects your intelligence (+2).
   rElec:     It insulates you from electricity.
   SInv:      It lets you see invisible.
Jewellery
 j - a ring of magical power
Scrolls
 b - 2 scrolls of immolation
 d - 3 scrolls of identify {unknown}
 g - a scroll of silence {unknown}
 i - 2 scrolls of teleportation {unknown}
 l - a scroll of magic mapping {unknown}
Potions
 f - a potion of haste
 h - a potion of heal wounds
 k - a potion of might {unknown}


   Skills:
 * Level 2.5 Fighting
 * Level 4.9 Ranged Weapons
 * Level 0.6 Armour
 * Level 2.1 Dodging
 * Level 1.1 Stealth


You had 3 spell levels left.
You didn't know any spells.
Your spell library was empty.

Dungeon Overview and Level Annotations

Branches:
Dungeon (3/15)

Altars:
Xom

Shops:
D:1 [


Innate Abilities, Weirdness & Mutations

You have a pair of small antennae on your head.
Spells you cast may paralyse adjacent enemies.


Message History

You shoot an arrow. The arrow hits the iguana!
The iguana is heavily wounded.
The iguana barely misses you.
You shoot an arrow. The arrow closely misses the iguana.
The iguana barely misses you. The iguana closely misses you.
You shoot an arrow. The arrow hits the iguana.
The iguana is severely wounded.
The iguana bites you.
You shoot an arrow. The arrow hits the iguana.
The iguana is severely wounded.
The iguana bites you but does no damage. x2
You shoot an arrow. The arrow closely misses the iguana.
The iguana completely misses you.
You shoot an arrow. The arrow barely misses the iguana.
The iguana bites you.
You shoot an arrow.
The arrow hits the iguana but does no damage.
The iguana is severely wounded.
The iguana bites you but does no damage.
You shoot an arrow. The arrow closely misses the iguana.
The iguana bites you but does no damage. x2
You shoot an arrow. The arrow closely misses the iguana.
The iguana barely misses you.
You shoot an arrow.
The arrow hits the iguana but does no damage.
The iguana is severely wounded.
The iguana barely misses you.
You shoot an arrow. The arrow closely misses the iguana.
The iguana bites you! x2
* * * LOW HITPOINT WARNING * * *
You are too injured to fight recklessly!
You are too injured to fight recklessly!
You are too injured to fight recklessly!
You are too injured to fight recklessly!
Fire: a) +0 shortbow
Press: ? - help, Q - select action Shift-Dir - straight line, f/p - iguana
Aim: an iguana (severely wounded, 68% to hit)
You shoot an arrow.
The arrow hits the iguana but does no damage.
The iguana is severely wounded.
The iguana bites you!
You die...

# .################
................#
..##....#######.###
.....##.# #..)@.#
..#####.# #.#.#l#
..#####.# #.#.#.#
...>....# # #.#.#
†.########## #.#.#
#.##.......# #.#.#
#.##.......# ....#
#<##.......# ...[.
...........#


You could see an iguana.

Vanquished Creatures
  Natasha (D:3)
  3 adders (D:2)
  A worm (D:2)
  5 ball pythons
  2 bats (D:1)
  3 endoplasms
  3 giant cockroaches
  6 goblins
  3 hobgoblins
  4 quokkas
  2 frilled lizards (D:2)
  5 kobolds
  5 rats
43 creatures vanquished.

Notes
Turn   | Place    | Note
-------+----------+-------------------------------------------
     0 | D:1      | gelatine the Demonspawn Hunter began the quest for the Orb.
     0 | D:1      | Reached XP level 1. HP: 16/16 MP: 1/1
    34 | D:1      | You fall into a shaft and drop 1 floor!
    78 | D:2      | Found the +3 crown of Dyrovepreva {rElec Int+2 SInv}
   143 | D:2      | Reached skill level 4 in Ranged Weapons
   143 | D:2      | Gained mutation: You have a pair of small antennae on your
                  | head. [demonic ancestry]
   143 | D:2      | Reached XP level 2. HP: 22/22 MP: 2/2
   378 | D:2      | Found a shimmering altar of Xom.
   505 | D:2      | Reached XP level 3. HP: 27/27 MP: 3/3
   629 | D:2      | Found a faded altar of an unknown god.
   920 | D:1      | Found Kedgh's Armour Shoppe.
  1023 | D:1      | Gained mutation: Spells you cast may paralyse adjacent
                  | enemies. [demonic ancestry]
  1023 | D:1      | Reached XP level 4. HP: 34/34 MP: 4/4
  1355 | D:3      | Reached skill level 1 in Stealth
  1371 | D:3      | Noticed Natasha
  1384 | D:3      | Killed Natasha
  1560 | D:3      | Mangled by an iguana

Illustrated notes

Levels and vault maps discovered:
D:1:      tarquinn_simple_flora_water_e, layout_rooms, serial_shops, shop,
          st_stairs_10, minmay_misc_feat_rows
D:2:      layout_basic, basic_altar, hellmonk_ecumenical_altar_blasted
D:3:      layout_loops_cross, mainiacjoe_overflow_chevrons,
          lemuel_zombie_altar_yredelemnul, minmay_curled_crystal,
          minmay_statues_item, chequers_jeans, grunt_ministairs_9, uniq_natasha,
          uniq_jessica

Skill      XL: |  1  2  3  4 |
---------------+-------------+-----
Ranged Weapons | 4 |  4.9
Dodging        | 2 |  2.1
Stealth        | 1 |  1.1
Fighting       | |  2.5
Armour         | |  0.6

Action                     |  1- 3 |  4- 6 || total
---------------------------+-------+-------++-------
   Fire: Shortbow          |   102 |    38 ||   140
    Use: Potion            |     1 |     1 ||     2
 Armour: Leather armour    |    11 |     9 ||    20
  Dodge: Dodged            |    27 |    19 ||    46
